 Dungeon Crawl Stone Soup version 0.29.1-13-g9f3cf754e1 (webtiles) character file.

Game seed: 7651800199672429987

247 FexLirch the Digger (level 6, -1/45 HPs)
             Began as a Meteoran Earth Elementalist on Jan 29, 2023.
             Was an Initiate of Vehumet.
             Slain by a water moccasin (5 damage)
             ... on level 6 of the Dungeon.
             The game lasted 00:03:54 (463 turns).

FexLirch the Digger (Meteoran Earth Elementalist)    Turns: 463, Time: 00:03:54

Health: -1/45      AC:  5    Str:  9    XL:     6   Next: 60%
Magic:  1/14       EV: 12    Int: 18    God:    Vehumet [......]
Gold:   82         SH:  0    Dex: 16    Spells: 8/14 levels left

rFire   . . .      SeeInvis .   c - +2 short sword (venom)
rCold   . . .      Faith    .   (no shield)
rNeg    . . .      Spirit   .   d - +0 leather armour
rPois   .          Reflect  .   (no helmet)
rElec   .          Harm     .   (no cloak)
rCorr   .          Rampage  .   (no gloves)
Will    .....                   e - +1 pair of boots
Stlth   +.........              (no amulet)
HPRegen 0.15/turn               (no ring)
MPRegen 0.14/turn               (no ring)

@: very slightly contaminated, glowing
A: sense surroundings 1, otherworldly, glowing, explore regen
a: Renounce Religion


You were on level 6 of the Dungeon.
You worshipped Vehumet.
Vehumet was noncommittal.
You visited 1 branch of the dungeon, and saw 6 of its levels.

You collected 82 gold pieces.

Inventory:

Hand Weapons
 c - a +2 short sword of venom (weapon)
Armour
 a - a +0 robe
 d - a +0 leather armour (worn)
 e - a +1 pair of boots (worn)
Scrolls
 f - a scroll of identify {unknown}
 i - a scroll of immolation {unknown}
 j - a scroll of poison {unknown}
Potions
 b - a potion of magic
 g - a potion of might {unknown}
 h - a potion of haste {unknown}
 k - a potion of lignification {unknown}


   Skills:
 - Level 2.4 Dodging
 - Level 1.4 Stealth
 + Level 4.8 Spellcasting
 + Level 3.8 Conjurations
 - Level 1.2 Transmutations
 + Level 5.5 Earth Magic


You had 8 spell levels left.
You knew the following spells:

 Your Spells              Type           Power      Damage    Failure   Level
a - Sandblast             Erth           48%        2d12      1%          1
b - Passwall              Tmut/Erth      13%        N/A       8%          2
c - Stone Arrow           Conj/Erth      42%        3d9       9%          3

Your spell library contained the following spells:

 Spells                   Type           Power      Damage    Failure   Level
 Petrify                  Tmut/Erth      16%        N/A       43%         4


Dungeon Overview and Level Annotations

Branches:
Dungeon (6/15) Zot: 3112
 Temple: D:4-7

Altars:
Makhleb
Vehumet


Innate Abilities, Weirdness & Mutations

You passively map a small area around you.
You are easily found by Zot.
You glow in the dark.
You regain HP and MP as you explore.


Message History

Casting: Stone Arrow (dangerous; 9% risk of failure)
Confirm with . or Enter, or press ? or * to list all spells.
Aiming: Stone Arrow (dangerous; 9% risk of failure)
Press: ? - help, Shift-Dir - straight line, f/p - ice beast
Aim: an ice beast (moderately wounded, 71% to hit)
The stone arrow hits the ice beast!
The ice beast is heavily wounded.
The ice beast closely misses you.
Casting: Stone Arrow (dangerous; 9% risk of failure)
Confirm with . or Enter, or press ? or * to list all spells.
Aiming: Stone Arrow (dangerous; 9% risk of failure)
Press: ? - help, Shift-Dir - straight line, f/p - ice beast
Aim: an ice beast (heavily wounded, 71% to hit)
You miscast Stone Arrow.
You are very lightly contaminated with residual magic.
Nothing appears to happen.
The ice beast misses you.
Casting: Stone Arrow (dangerous; 9% risk of failure)
Confirm with . or Enter, or press ? or * to list all spells.
Aiming: Stone Arrow (dangerous; 9% risk of failure)
Press: ? - help, Shift-Dir - straight line, f/p - ice beast
Aim: an ice beast (heavily wounded, 71% to hit)
The stone arrow misses the ice beast.
The adder misses you. The ice beast hits you. The ice beast freezes you.
The ice beast attacks as you move away!
The ice beast hits you but does no damage.
The ice beast attacks as you move away! The ice beast hits you.
The ice beast freezes you!
* * * LOW HITPOINT WARNING * * *
Casting: Stone Arrow (dangerous; 9% risk of failure)
Confirm with . or Enter, or press ? or * to list all spells.
Aiming: Passwall (safe; 8% risk of failure)
Press: ? - help, Dir - move target, p - ice beast A rock wall.
The adder bites you.
* * * LOW HITPOINT WARNING * * *
You begin to meditate on the wall.
You continue meditating on the rock.
The water moccasin bites you but does no damage.
You continue meditating on the rock.
The water moccasin bites you.
You die...

###..## * *
*** ##.# * *
** #.## # ,
#..# * .# ,
#<.# ##.# #..#
*#...# *
#..###... , *
#..##..# *
#...#@# # * *
##..SS##.##...
##..Y.....# ,
#......?.# ,
#...........
#........###
#........# ,
##.......# * ,
........# ,


You could see a water moccasin, an ice beast and an adder.

Vanquished Creatures
  A phantom (D:4)
  A necrophage (D:5)
  A scorpion (D:6)
  2 adders (D:2)
  A white imp (D:4)
  A dart slug (D:4)
  5 orcs
  4 ball pythons
  A bat (D:1)
  3 endoplasms
  A giant cockroach (D:2)
  A goblin (D:2)
  2 frilled lizards (D:1)
  4 kobolds
  A rat (D:1)
29 creatures vanquished.

Notes
Turn   | Place    | Note
-------+----------+-------------------------------------------
     0 | D:1      | FexLirch the Meteoran Earth Elementalist began the quest
                  | for the Orb.
     0 | D:1      | Reached XP level 1. HP: 14/14 MP: 5/5
    69 | D:1      | Reached XP level 2. HP: 20/20 MP: 3/6
    86 | D:2      | Reached skill level 1 in Conjurations
    86 | D:2      | Reached skill level 4 in Earth Magic
    88 | D:2      | HP: 1/20 [poisoned by an adder]
    94 | D:2      | Reached XP level 3. HP: 10/26 MP: 3/8
   133 | D:2      | Learned a level 2 spell: Passwall
   312 | D:4      | Reached XP level 4. HP: 33/33 MP: 7/10
   315 | D:4      | Found a radiant altar of Vehumet.
   335 | D:4      | Became a worshipper of Vehumet
   362 | D:4      | Noticed a phantom
   368 | D:4      | Killed a phantom
   369 | D:4      | Reached XP level 5. HP: 32/38 MP: 6/12
   403 | D:5      | Entered Level 5 of the Dungeon
   403 | D:5      | Found a burning altar of Makhleb.
   411 | D:5      | Noticed a necrophage
   417 | D:5      | Killed a necrophage
   418 | D:5      | Reached skill level 5 in Earth Magic
   418 | D:5      | Reached XP level 6. HP: 45/45 MP: 8/13
   422 | D:5      | Learned a level 3 spell: Stone Arrow
   454 | D:6      | Noticed an ice beast
   455 | D:6      | Noticed a water moccasin
   463 | D:6      | Slain by a water moccasin

Illustrated notes

Levels and vault maps discovered:
D:1:      amcnicky_arrival_wind_blow, layout_basic, serial_shops, shop
D:2:      cheibrodos_greedy_goblins, layout_basic,
          ebering_ecumenical_altar_sacrificial
D:3:      layout_rooms, uniq_grinder
D:4:      layout_basic, mainiacjoe_overflow_catwalk,
          mainiacjoe_overflow_two_lobes, minmay_temple_entry_ruins, uniq_sigmund
D:5:      layout_rooms, mainiacjoe_overflow_boulevard, general_overflow_altar,
          serial_shops, nicolae_shop_behind_doors
D:6:      layout_rooms, mainiacjoe_overflow_cross_hatched

Skill      XL: |  1  2  3  4  5 |
---------------+----------------+-----
Spellcasting   | 3 4 |  4.8
Conjurations   | 1 2 3 |  3.8
Earth Magic    | 4 5 |  5.5
Dodging        | |  2.4
Stealth        | |  1.4
Transmutations | |  1.2

Action                   |  1- 3 |  4- 6 || total
-------------------------+-------+-------++-------
 Cast: Sandblast         |    27 |    23 ||    50
       Passwall          |     1 |     1 ||     2
       Stone Arrow       |       |     4 ||     4
Armor: Leather armour    |     2 |     5 ||     7
Dodge: Dodged            |     9 |    11 ||    20
